 Dungeon Crawl Stone Soup version 0.28.0 (webtiles) character file.

Game seed: 8937613865961214902

94 Ablot the Grasshopper (level 4, -7/38 HPs)
             Began as a Gnoll Warper on Feb 17, 2022.
             Killed from afar by Ijyb (13 damage)
             ... with a puff of flame
             ... on level 2 of the Dungeon.
             The game lasted 00:03:32 (2433 turns).

Ablot the Grasshopper (Gnoll Warper)                Turns: 2433, Time: 00:03:33

Health: -7/38      AC:  3    Str: 12    XL:     4   Next: 63%
Magic:  11/11      EV: 13    Int: 12    God:
Gold:   89         SH:  0    Dex: 12    Spells: 11/13 levels left

rFire   . . .      SeeInvis .   j - +0 dagger (speed)
rCold   . . .      Faith    .   (no shield)
rNeg    . . .      Spirit   .   b - +0 leather armour
rPois   .          Reflect  .   (no helmet)
rElec   .          Harm     .   (no cloak)
rCorr   .          Rampage  .   (no gloves)
Will    .....                   (no boots)
Stlth   +.........              (no amulet)
HPRegen 0.12/turn               (no ring)
MPRegen 0.12/turn               (no ring)

@: no status effects
A: fangs 1, strong nose, distributed training
a: no special abilities


You were on level 2 of the Dungeon.
You visited 1 branch of the dungeon, and saw 2 of its levels.

You collected 89 gold pieces.

Inventory:

Hand Weapons
 a - a +0 spear
 j - a +0 dagger of speed (weapon)
 k - a +0 triple crossbow
Missiles
 d - 5 boomerangs of dispersal (quivered)
 e - 77 stones
 i - 27 bolts
 m - 20 arrows
Armour
 b - a +0 leather armour (worn)
Scrolls
 c - a scroll of blinking
 f - a scroll of teleportation {unknown}
 g - a scroll of vulnerability {unknown}
Potions
 h - a potion of mutation {unknown}
 l - a potion of curing {unknown}
 n - a potion of magic {unknown}


   Skills:
 + Level 4.6 Fighting
 + Level 1.2 Short Blades
 + Level 1.2 Long Blades
 + Level 1.2 Axes
 + Level 1.2 Maces & Flails
 + Level 4.6 Polearms
 + Level 1.2 Staves
 + Level 1.2 Slings
 + Level 1.2 Bows
 + Level 1.2 Crossbows
 + Level 2.8 Throwing
 + Level 2.8 Armour
 + Level 4.6 Dodging
 + Level 1.2 Stealth
 + Level 1.2 Shields
 + Level 1.2 Unarmed Combat
 + Level 5.1 Spellcasting
 + Level 1.0 Conjurations
 + Level 1.0 Hexes
 + Level 1.0 Summonings
 + Level 1.0 Necromancy
 + Level 5.5 Translocations
 + Level 1.0 Transmutations
 + Level 1.0 Fire Magic
 + Level 1.0 Ice Magic
 + Level 1.0 Air Magic
 + Level 1.0 Earth Magic
 + Level 1.0 Poison Magic
 + Level 1.3 Invocations
 + Level 1.2 Evocations


You had 11 spell levels left.
You knew the following spells:

 Your Spells              Type           Power      Damage    Failure   Level
a - Blink                 Tloc           32%        N/A       4%          2

Your spell library contained the following spells:

 Spells                   Type           Power      Damage    Failure   Level
 Gell's Gravitas          Tloc           16%        N/A       8%          3
 Lesser Beckoning         Tloc           16%        N/A       8%          3
 Teleport Other           Tloc           16%        N/A       8%          3
 Animate Skeleton         Necr           10%        N/A       17%         1
 Pain                     Necr           20%        1d5       17%         1
 Summon Guardian Golem    Hex/Summ       5%         N/A       45%         3
 Vampiric Draining        Necr           5%         2d6       45%         3
 Manifold Assault         Tloc           16%        N/A       58%         5
 Orb of Destruction       Conj           2%         9d5       100%        7
 Spellforged Servitor     Conj/Summ      2%         N/A       100%        7


Dungeon Overview and Level Annotations

Branches:
Dungeon (2/15)

Altars:

Annotations:
D:2 Ijyb


Innate Abilities, Weirdness & Mutations

You have very sharp teeth.
Your uncanny sense of smell can sniff out nearby items.
Your experience applies equally to all skills.


Message History

You hit the goblin but do no damage.
The goblin is moderately wounded.
The goblin barely misses you.
You hit the goblin.
You kill the goblin!
No target in view!
No target in view!
No target in view!
Items here: ( )) †.
Items here: ))) †††.
You start resting.
HP restored.
Items here: ))) †††.
Items here: ( )) †.
Ijyb shouts!
You closely miss Ijyb.
Ijyb zaps a wand.
The puff of flame hits you!
You hit Ijyb but do no damage. You closely miss Ijyb. Ijyb closely misses you.
You hit Ijyb but do no damage. Ijyb barely misses you.
You hit Ijyb but do no damage. You hit Ijyb but do no damage.
Ijyb barely misses you.
You hit Ijyb but do no damage. Ijyb hits you with a +0 dagger.
You closely miss Ijyb. You barely miss Ijyb. You bite Ijyb, but do no damage.
Ijyb hits you with a +0 dagger.
You hit Ijyb but do no damage.
Ijyb zaps a wand.
The puff of flame misses you.
You closely miss Ijyb. You hit Ijyb but do no damage.
A goblin comes into view. It is wielding a +0 vampiric dagger.
Ijyb hits you but does no damage.
You closely miss Ijyb.
The goblin shouts!
You hit Ijyb but do no damage.
Ijyb zaps a wand.
The puff of flame hits you!
You hit Ijyb but do no damage. Ijyb closely misses you.
You hit Ijyb but do no damage. You barely miss Ijyb.
Ijyb zaps a wand.
The puff of flame hits you!
* * * LOW HITPOINT WARNING * * *
You barely miss Ijyb. Your bite misses Ijyb.
Ijyb zaps a wand.
The puff of flame hits you!
You die...

###.............# ##...... #
#.............# #..##.##
#.........##### #.##.#.#
#.........# #.#..#..
#.....#.####### #.##.#÷#
#.....#.......# #..##.##
#########......# #...)...
##....####......##########....###
...............g@..))............
##....##..###.###..)#############
##....##.##.....##..#
.........#...#...#g.#
.........#.<...<.#..##########
......#..#..._...#..##..8.8.8.
......#..#.#...#.#............
....###......<.........gg..... ∆
##### ##..#.....#.............


You could see Ijyb and a goblin.

Vanquished Creatures
  3 adders (D:2)
  2 worms (D:2)
  6 bats (D:1)
  3 endoplasms
  4 giant cockroaches (D:1)
  16 goblins
  4 hobgoblins
  4 jackals (D:1)
  4 ball pythons (D:1)
  2 frilled lizards
  2 kobolds
  4 rats
54 creatures vanquished.

Notes
Turn   | Place    | Note
-------+----------+-------------------------------------------
     0 | D:1      | Ablot the Gnoll Warper began the quest for the Orb.
     0 | D:1      | Reached XP level 1. HP: 20/20 MP: 6/6
   157 | D:1      | Reached XP level 2. HP: 23/26 MP: 7/7
   448 | D:1      | Reached XP level 3. HP: 30/31 MP: 9/9
   451 | D:1      | Learned a level 2 spell: Blink
   515 | D:1      | Reached skill level 5 in Spellcasting
   837 | D:1      | Reached skill level 1 in Invocations
  1198 | D:2      | Found a faded altar of an unknown god.
  1271 | D:2      | Reached skill level 1 in Short Blades
  1271 | D:2      | Reached skill level 1 in Long Blades
  1271 | D:2      | Reached skill level 1 in Axes
  1271 | D:2      | Reached skill level 1 in Maces & Flails
  1271 | D:2      | Reached skill level 1 in Staves
  1271 | D:2      | Reached skill level 1 in Slings
  1271 | D:2      | Reached skill level 1 in Bows
  1271 | D:2      | Reached skill level 1 in Crossbows
  1271 | D:2      | Reached skill level 1 in Stealth
  1271 | D:2      | Reached skill level 1 in Shields
  1271 | D:2      | Reached skill level 1 in Unarmed Combat
  1271 | D:2      | Reached skill level 1 in Evocations
  1370 | D:2      | Reached XP level 4. HP: 12/38 MP: 11/11
  2321 | D:2      | Noticed Ijyb
  2339 | D:2      | Reached skill level 1 in Conjurations
  2339 | D:2      | Reached skill level 1 in Hexes
  2339 | D:2      | Reached skill level 1 in Summonings
  2339 | D:2      | Reached skill level 1 in Necromancy
  2339 | D:2      | Reached skill level 1 in Transmutations
  2339 | D:2      | Reached skill level 1 in Fire Magic
  2339 | D:2      | Reached skill level 1 in Ice Magic
  2339 | D:2      | Reached skill level 1 in Air Magic
  2339 | D:2      | Reached skill level 1 in Earth Magic
  2339 | D:2      | Reached skill level 1 in Poison Magic
  2433 | D:2      | Killed from afar by Ijyb

Illustrated notes

Levels and vault maps discovered:
D:1:      evilmike_arrival_rings, layout_loops_ring, serial_park_tiny_1
D:2:      kennysheep_the_goblin_king, layout_basic, nicolae_ecumenical_pavilion,
          nrook_loot_triangle, minmay_ruptured

Skill      XL: |  1  2  3  4 |
---------------+-------------+-----
Spellcasting   | 5 |  5.1
Invocations    | 1 |  1.3
Short Blades   | 1 |  1.2
Long Blades    | 1 |  1.2
Axes           | 1 |  1.2
Maces & Flails | 1 |  1.2
Staves         | 1 |  1.2
Slings         | 1 |  1.2
Bows           | 1 |  1.2
Crossbows      | 1 |  1.2
Stealth        | 1 |  1.2
Shields        | 1 |  1.2
Unarmed Combat | 1 |  1.2
Evocations     | 1 |  1.2
Conjurations   | 1 |  1.0
Hexes          | 1 |  1.0
Summonings     | 1 |  1.0
Necromancy     | 1 |  1.0
Transmutations | 1 |  1.0
Fire Magic     | 1 |  1.0
Ice Magic      | 1 |  1.0
Air Magic      | 1 |  1.0
Earth Magic    | 1 |  1.0
Poison Magic   | 1 |  1.0
Fighting       | |  4.6
Polearms       | |  4.6
Throwing       | |  2.8
Armour         | |  2.8
Dodging        | |  4.6
Translocations | |  5.5

Action                   |  1- 3 |  4- 6 || total
-------------------------+-------+-------++-------
Melee: Spear             |   154 |       ||   154
       Bite              |    11 |     8 ||    19
       Punch             |     4 |     1 ||     5
       Dagger            |    18 |   115 ||   133
 Stab: Sleeping          |     2 |       ||     2
Armor: Leather armour    |    33 |    13 ||    46
Dodge: Dodged            |    94 |    41 ||   135
